 Dungeon Crawl Stone Soup version v1.0-4-gf91daec (webtiles) character file.

114 Ark the Sneak (level 4, -4/24 HPs)
             Began as a Sludge Elf Enchanter on Feb 1, 2018.
             Slain by Sigmund (5 damage)
             ... on level 3 of the Dungeon.
             The game lasted 00:10:43 (3591 turns).

Ark the Sneak (Sludge Elf Enchanter)                Turns: 3591, Time: 00:10:44

Health: -4/24      AC:  2    Str:  8    XL:     4   Next: 97%
Magic:  2/8        EV: 13    Int: 23    God:
Gold:   132        SH:  0    Dex: 14    Spells: 1/7 levels left

rFire    + . .     SeeInvis .   b - +0 short sword
rCold    + . .     Gourm    .   (no shield)
rNeg     . . .     Faith    .   q - +0 robe
rPois    +         Spirit   .   (helmet restricted)
rElec    +         Reflect  .   (no cloak)
rCorr    +         Harm     .   (no gloves)
MR       .....                  (no boots)
Stlth    +++.......             (no amulet)
HPRegen  0.08/turn              (no ring)
MPRegen  0.11/turn              (no ring)

@: brilliant, resistant
A: horns 1, frail 1, mutation resistance 1
a: no special abilities


You were on level 3 of the Dungeon.
You were hungry.

You visited 1 branch of the dungeon, and saw 3 of its levels.

You collected 132 gold pieces.


Innate Abilities, Weirdness & Mutations

You have a pair of small horns on your head.
You are frail. (-10% HP)
You are somewhat resistant to further mutation.


   Skills:
 - Level 2.5 Short Blades
 - Level 2.4 Dodging
 + Level 4.8 Stealth
 - Level 2.4 Spellcasting
 + Level 3.6 Hexes


You had one spell level left.
You knew the following spells:

 Your Spells              Type           Power        Failure   Level  Hunger
x - Tukima's Dance        Hex            ####....     1%          3    ###....
z - Ensorcelled Hibernat  Hex/Ice        ###...       1%          2    ##.....
Z - Corona                Hex            ####...      1%          1    None

Inventory:

Hand Weapons
 a - a +1 dagger
 b - a +0 short sword (weapon)
Missiles
 p - 7 curare-tipped needles {=f}
 t - 15 poisoned needles
Armour
 n - a +0 buckler
 q - a +0 robe (worn)
Magical Staves
 r - an uncursed staff of poison {unknown}
Scrolls
 f - a scroll of blinking
 i - a scroll of fog
 l - a scroll of remove curse
Books
 c - a book of Maledictions

   Spells                             Type                      Level
   a - Corona                         Hexes                        1
   b - Ensorcelled Hibernation        Hexes/Ice                    2
   c - Confuse                        Hexes                        3
   d - Tukima's Dance                 Hexes                        3
   e - Dazzling Spray                 Conjuration/Hexes            3
Comestibles
 d - 6 rations
 m - a chunk of flesh

Dungeon Overview and Level Annotations

Branches:
Dungeon (3/15)

Altars:
Wu Jian
The Shining One

Annotations:
D:3 Sigmund

... ▒.▒ ▒▒▒▒▒ ▒.▒
..... ▒.▒ .....▒ ▒.▒
......
▒▒▒▒▒▒▒▒▒▒.▒▒▒....).
...........hh.......
▒.......#▒h{#...▒▒
▒........▒e▒▒▒▒.▒▒
▒▒▒▒▒........▒........
.
▒...▒▒▒▒▒▒'▒▒▒▒▒▒▒.▒▒▒
..▒...▒▒▒▒▒▒.▒
..▒..........▒
..▒....▒▒▒...▒
.......▒▒▒.......
.........+........
▒....▒.▒▒▒.........


You could see 3 jackals.


Message History

The jackalfish bites you.
* * * CRAB GONE DIE * * *
The jackalfish bites you but does no dacastercrab.
The jackalfish bites you but does no dacastercrab.
You hear some strange, mumbled words.
A puff of flame appears from out of thin air!
The puff of flame hits you!
You hit the jackalfish but do no dacastercrab.
The jackalfish bites you but does no dacastercrab.
The jackalfish bites you but does no dacastercrab.
Something hits you but does no dacastercrab.
You closely miss something.
You feel less wooden.
The jackalfish bites you but does no dacastercrab.
The jackalfish bites you.
* * * CRAB GONE DIE * * *
The jackalfish barely misses you. Something hits you.
* * * CRAB GONE DIE * * *
You're too confused!
You miss something.
You feel less confused. The jackalfish barely misses you.
The jackalfish bites you but does no dacastercrab.
The jackalfish closely misses you. Something hits you.
* * * CRAB GONE DIE * * *
The jackalfish bites you but does no dacastercrab.
Something hits you.
Your journey is over little crab

Action                   |  1- 3 |  4- 6 || total
-------------------------+-------+-------++-------
Melee: Dagger            |   175 |    82 ||   257
       Short sword       |       |    49 ||    49
 Cast: Corona            |    15 |     4 ||    19
       Ensorcelled Hiber |     9 |    14 ||    23
       Tukima's Dance    |       |     1 ||     1
  Use: Scroll            |       |     5 ||     5
       Potion            |       |     5 ||     5
 Stab: Sleeping          |    12 |     6 ||    18
  Eat: Chunk             |     6 |     4 ||    10
Armor: Robe              |    49 |    32 ||    81
       Skin              |       |    81 ||    81
Dodge: Dodged            |   137 |    83 ||   220

Vault maps used:
D:1:      shiori_arrival_whats_in_store_for_you, grunt_decor_clamped, tso_altar
D:2:      lemuel_round_altar, first_ration, corexii_shack, st_stairs_13,
          kennysheep_pointless_box
D:3:      serial_co_window_serial, co_window_corner_a, co_window_paths_a,
          co_window_paths_a, co_window_paths_b, co_window_cross_1,
          co_window_paths_b, co_window_unsneaky_path_d, co_window_2corner,
          co_window_unsneaky_path_c, co_window_paths_c, co_window_broadway_b,
          co_window_2corner, glass_columns_b, serial_bayou_ford_a, uniq_sigmund

Notes
Turn   | Place    | Note
-------+----------+-------------------------------------------
     0 | D:1      | Ark the Sludge Elf Enchanter began the quest for the Orb.
     0 | D:1      | Reached XP level 1. HP: 11/11 MP: 4/4
     0 | D:1      | Noticed a red draconian
     0 | D:1      | Noticed an ice dragon
     1 | D:1      | Noticed a large abomination
     1 | D:1      | Noticed an orb of fire
     2 | D:1      | Noticed a large abomination
     6 | D:1      | Noticed a shadow dragon
     8 | D:1      | Noticed an orb of fire
     9 | D:1      | Noticed an orb of fire
    13 | D:1      | Noticed a shadow dragon
    14 | D:1      | Noticed a tentacled monstrosity
    15 | D:1      | Noticed an ice dragon
    15 | D:1      | Noticed a tentacled monstrosity
    17 | D:1      | Noticed an ice dragon
    19 | D:1      | Noticed a large abomination
    19 | D:1      | Noticed an iron dragon
    22 | D:1      | Noticed a tentacled monstrosity
    46 | D:1      | Reached skill level 1 in Short Blades
   462 | D:1      | Reached XP level 2. HP: 13/17 MP: 6/6
   936 | D:1      | Learned a level 2 spell: Ensorcelled Hibernation
  1099 | D:1      | Reached skill level 4 in Stealth
  1191 | D:1      | Reached XP level 3. HP: 10/21 MP: 4/7
  1453 | D:1      | Reached skill level 2 in Short Blades
  1674 | D:1      | Found a glowing golden altar of the Shining One.
  2522 | D:2      | Reached XP level 4. HP: 27/27 MP: 8/8
  2598 | D:2      | Found an ornate altar of the Wu Jian Council.
  2775 | D:3      | Noticed Sigmund
  3136 | D:3      | Learned a level 3 spell: Tukima's Dance
  3584 | D:3      | Identified a potion of resistance
  3585 | D:3      | Gained mutation: You have a pair of small horns on your head. [potion of mutation]
  3585 | D:3      | Gained mutation: You are somewhat resistant to further mutation. [potion of mutation]
  3585 | D:3      | Gained mutation: You are frail. (-10% HP) [potion of mutation]
  3590 | D:3      | HP: 1/24 [something (2)]
  3591 | D:3      | Slain by Sigmund

Vanquished Creatures
  3 adders
  2 oozes
  A worm (D:2)
  A dart slug (D:3)
  A leopard gecko (D:2)
  4 orcs
  4 giant cockroaches
  3 goblins
  11 hobgoblins
  8 kobolds
  13 bats
  4 frilled lizards
  11 rats
66 creatures vanquished.

Vanquished Creatures (others)
  A dancing weapon (D:3)
  A plant (D:3)
2 creatures vanquished.

Grand Total: 68 creatures vanquished
